Map: Ruby Rock LE

Players

HeroMarine - Winner!

  • Race: Terran Terran
  • Spawn Location: 5:00

Elazer

  • Race: Zerg Zerg
  • League: Master
  • Spawn Location: 11:00

VOD

Have the link to the VOD?

Description

Time

  • Played on: Jan. 31, 2026, 7:48 a.m.
  • Length: 8:37
Show
View Real Time Build Order
Export as new Build Order

HeroMarine Terran - Winner!

Build Orders: Liberator Opening, Reaper Expand 

Get SALT Encoding   

  12  0:00  SCV  
  13  0:12  SCV  
  14  0:16  Supply Depot  
  14  0:24  SCV  
  15  0:38  SCV  
  15  0:39  Barracks  
  16  0:43  Refinery  
  16  0:50  SCV  
  17  1:02  SCV  
  18  1:14  SCV  
  19  1:27  Orbital Command, Reaper  
  20  1:38  Command Center  
  20  1:45  Supply Depot  
  20  1:54  SCV  
  20  1:59  Marine  
  22  2:06  SCV  
  23  2:09  Factory  
  23  2:18  SCV  
  23  2:20  Barracks Reactor  
  24  2:30  SCV  
  24  2:35  Command Center  
  25  2:43  SCV  
  26  2:50  Orbital Command  
  26  2:55  SCV  
  26  2:57  Starport  
  27  3:00  Refinery  
  27  3:07  SCV  
  27  3:11  Hellion  
  32  3:13  Hellion  
  32  3:16  SCV  
  32  3:19  SCV  
  34  3:21  Marine  
  35  3:28  SCV  
  35  3:31  SCV  
  41  3:36  Hellion x2  
  41  3:39  Barracks Tech Lab  
  41  3:40  SCV  
  44  3:43  SCV  
  44  3:47  Liberator, Orbital Command  
  46  3:52  SCV  
  46  3:55  SCV  
  48  4:03  Supply Depot  
  48  4:04  SCV  
  48  4:06  Marine x2  
  48  4:07  Siege Tank, SCV  
  55  4:10  Barracks  
  55  4:14  SCV  
  55  4:16  SCV  
  57  4:19  SCV  
  58  4:24  Marine x2  
  58  4:27  SCV, Supply Depot  
  58  4:28  Barracks  
  58  4:30  Starport Tech Lab  
  61  4:33  SCV x2  
  63  4:39  SCV, Siege Tank  
  63  4:42  Marine x2  
  63  4:45  Refinery x2  
  69  4:52  Supply Depot  
  70  4:54  Engineering Bay  
  70  4:55  SCV  
  70  4:57  Engineering Bay  
  70  4:58  Starport Reactor  
  70  4:59  SCV x2  
  72  5:00  Marine  
  72  5:03  Medivac  
  72  5:04  Marine  
  76  5:07  SCV  
  76  5:13  SCV x2  
  79  5:15  Supply Depot  
  79  5:16  Bunker  
  79  5:17  Marine  
  79  5:18  Siege Tank  
  79  5:20  Marauder  
  85  5:34  Marine  
  85  5:35  SCV  
  85  5:36  Marine, SCV  
  85  5:39  Stimpack  
  85  5:41  Marine, Barracks  
  85  5:42  Barracks  
  88  5:48  Barracks Reactor, Orbital Command, Starport Reactor  
  88  5:49  SCV x2  
  83  5:54  Terran Infantry Armor Level 1  
  83  5:56  Terran Infantry Weapons Level 1  
  80  6:01  SCV  
  80  6:02  SCV  
  80  6:03  Marine x2  
  84  6:04  Marine  
  84  6:05  Supply Depot  
  85  6:14  SCV x2  
  85  6:15  Bunker, SCV  
  85  6:17  Supply Depot x2  
  88  6:19  Siege Tank  
  88  6:23  Marine x2  
  93  6:27  Marine, Medivac x2, SCV x2  
  93  6:29  SCV  
  93  6:30  Barracks Reactor  
  93  6:32  Barracks Reactor  
  101  6:38  Marine x2  
  101  6:39  SCV x2, Supply Depot x2  
  105  6:41  SCV  
  106  6:51  SCV x2  
  106  6:52  Siege Tank  
  106  6:53  Marine x3  
  106  6:54  SCV  
  112  6:56  Marine x2  
  112  7:00  Armory  
  114  7:01  Refinery x2, Supply Depot  
  114  7:03  Supply Depot  
  114  7:07  Marine  
  114  7:08  Marine x3  
  118  7:09  SCV x2  
  118  7:11  Marine x3  
  118  7:14  Marine x2  
  125  7:16  SCV  
  125  7:21  Command Center  
  126  7:24  Siege Tank  
  126  7:25  Marine  
  126  7:26  Marine x2  
  126  7:27  Marine  
  126  7:28  Marine  
  126  7:29  Marine x2, Medivac  
  138  7:32  Marine x2  
  138  7:36  Medivac  
  142  7:41  Factory  
  142  7:43  Marine x3, Supply Depot  
  145  7:45  Marine  
  145  7:46  Marine  
  145  7:49  Marine x2  
  145  7:51  Supply Depot  
  149  7:53  Marine  
  149  7:57  Marine  
  141  8:00  Medivac  
  141  8:01  Marine x2  
  141  8:02  Marine  
  141  8:04  Marine x2  
  140  8:06  Medivac  
  140  8:07  Marine x2  
  140  8:11  Marine  
  144  8:15  Marine  
  144  8:19  Marine  
Show
View Real Time Build Order
Export as new Build Order

Elazer Zerg 

Build Orders: Hatch First 

Get SALT Encoding   

  12  0:00  Drone  
  13  0:08  Drone  
  14  0:14  Extractor, Drone  
  15  0:34  Hatchery  
  14  0:39  Extractor  
  14  0:40  Drone  
  15  0:46  Overlord  
  15  1:01  Spawning Pool  
  14  1:04  Drone  
  14  1:07  Drone  
  14  1:10  Drone  
  17  1:16  Drone  
  17  1:18  Extractor  
  17  1:25  Drone  
  18  1:36  Drone  
  19  1:47  Queen x2  
  19  1:49  Drone  
  19  1:52  Drone  
  25  1:59  Drone x2  
  27  2:08  Drone, Overlord  
  28  2:23  Lair  
  28  2:24  Extractor  
  28  2:27  Queen  
  30  2:35  Drone x2  
  30  2:37  Overlord  
  32  2:41  Drone  
  32  2:43  Drone  
  34  2:45  Drone  
  35  2:53  Drone  
  35  2:56  Drone x4  
  40  3:03  Roach Warren  
  39  3:07  Pneumatized Carapace  
  39  3:12  Drone, Overlord  
  40  3:22  Drone x2  
  40  3:24  Overseer  
  40  3:26  Drone x2  
  44  3:27  Extractor  
  44  3:28  Drone  
  44  3:31  Drone x2  
  44  3:32  Drone x3  
  49  3:38  Drone  
  50  3:42  Extractor  
  50  3:44  Extractor  
  48  3:53  Hatchery  
  48  3:54  Overlord  
  47  3:55  Glial Reconstitution  
  47  4:02  Drone x3, Evolution Chamber  
  49  4:03  Drone, Evolution Chamber  
  49  4:04  Drone  
  52  4:10  Drone x2  
  52  4:15  Overlord  
  52  4:18  Roach x2  
  52  4:21  Roach  
  59  4:27  Overlord  
  59  4:30  Zerg Melee Weapons Level 1  
  59  4:33  Roach  
  59  4:34  Drone x4  
  65  4:46  Overlord  
  65  4:47  Drone x3  
  65  4:51  Ravager x3  
  71  4:56  Evolution Chamber  
  71  4:58  Overlord, Drone  
  72  5:07  Drone x4  
  72  5:11  Infestation Pit  
  72  5:13  Overlord  
  73  5:24  Queen  
  73  5:27  Overlord  
  73  5:28  Evolution Chamber  
  67  5:39  Drone x6  
  67  5:40  Drone x2  
  75  5:43  Overlord  
  75  5:44  Drone x2  
  75  5:52  Spore Crawler, Drone  
  74  5:58  Drone x8  
  74  6:02  Infestor x2  
  86  6:05  Infestor  
  88  6:12  Drone x2  
  88  6:15  Extractor  
  88  6:16  Extractor  
  88  6:18  Overlord  
  88  6:19  Metabolic Boost  
  88  6:20  Drone x4  
  88  6:25  Hatchery  
  91  6:28  Zergling x4  
  91  6:30  Zergling x2  
  91  6:31  Overseer  
  94  6:34  Zergling x4  
  94  6:37  Overlord  
  96  6:43  Spore Crawler  
  96  6:44  Zergling x2  
  96  6:45  Zergling x8  
  100  6:53  Overlord  
  100  6:54  Zergling x8  
  103  6:56  Queen  
  103  6:58  Hive  
  105  7:04  Evolution Chamber  
  104  7:08  Zergling x2  
  104  7:09  Zergling x10  
  104  7:15  Overlord  
  110  7:18  Drone x2  
  110  7:19  Drone x4  
  110  7:21  Drone x2  
  118  7:27  Queen  
  115  7:31  Overlord  
  115  7:34  Drone x2  
  116  7:38  Zergling x8  
  116  7:42  Ravager  
  116  7:43  Roach x2  
  125  7:46  Zergling x6  
  128  7:56  Zergling x12  
  117  8:07  Zergling x16  
  120  8:16  Zergling x6  
Tags
 
Add a new tag
Caveats
  • Supply blocks, unpowered buildings, or Contaminate may cause inaccurate times.
  • Supply counts are checked every 10 seconds.